 Dungeon Crawl Stone Soup version 0.20-a0-553-g9f38e11 (webtiles) character file.

30 drasked the Magician (level 3, 0/19 HPs)
             Began as a Deep Elf Fire Elementalist on Feb 3, 2017.
             Succumbed to an adder's poison
             ... on level 2 of the Dungeon.
             The game lasted 00:03:58 (1086 turns).

drasked the Magician (Deep Elf Fire Elementalist)   Turns: 1086, Time: 00:03:58

Health: 0/19       AC:  2    Str:  5    XL:     3   Next: 5%
Magic:  0/10       EV: 13    Int: 20    God:
Gold:   43         SH:  0    Dex: 15    Spells: 8/9 levels left

rFire    + . .     SeeInvis .   j - +0 dagger
rCold    + . .     Gourm    .   a - +0 robe
rNeg     . . .     Faith    .   (no shield)
rPois    +         Spirit   .   (no helmet)
rElec    +         Reflect  .   (no cloak)
rCorr    +         Harm     .   (no gloves)
MR       .....                  (no boots)
Stlth    ++........             (no amulet)
Regen    0.1/turn               (no ring)
                                (no ring)

@: lethally poisoned (0 -> -6), resistant, very slightly contaminated, hasted,
very quick
A: no striking features
a: no special abilities


You were on level 2 of the Dungeon.
You were not hungry.

You visited 1 branch of the dungeon, and saw 2 of its levels.

You collected 43 gold pieces.

Inventory:

Hand Weapons
 j - a +0 dagger (weapon)
   (You took it off a goblin on level 1 of the Dungeon)
Armour
 a - a +0 robe (worn)
Scrolls
 d - a scroll of enchant armour {unknown}
 g - a scroll of immolation {unknown}
Potions
 h - a potion of resistance
Books
 b - a book of Flames
Comestibles
 c - a bread ration {@e1}
 i - a royal jelly


   Skills:
 - Level 2.4 Dodging
 - Level 2.4 Stealth
 + Level 3.8 Spellcasting
 + Level 2.0 Conjurations
 + Level 3.7 Fire Magic


You had 8 spell levels left.
You knew the following spells:

 Your Spells              Type           Power        Failure   Level  Hunger
a - Flame Tongue          Conj/Fire      ###..        4%          1    None


Dungeon Overview and Level Annotations

Branches:
Dungeon (2/15)

Altars:


Message History

You miscast Flame Tongue.
You hear a sizzling sound.
The hobgoblin closely misses you.
You now have 2/8 mp.
Aim: a hobgoblin, wielding a club (severely wounded)
The flame tongue hits the hobgoblin.
You kill the hobgoblin!
You now have 1/8 mp.
Okay, then.
You start resting.
You regained 3 mp, and now have 4/8 mp.
A leopard gecko comes into view.
Aim: a leopard gecko (clinging)
The flame tongue hits the leopard gecko.
You kill the leopard gecko!
You now have 4/8 mp.
You see here a leopard gecko corpse.
Your magical contamination has completely faded away.
A kobold comes into view.
The kobold shouts!
An adder comes into view.
A kobold comes into view.
The kobold moves out of view.
A giant cockroach comes into view.
Aim: a kobold The flame tongue misses the kobold.
The adder hisses angrily.
The kobold closely misses you.
You now have 4/8 mp.
Aim: a kobold The flame tongue hits the kobold.
You kill the kobold!
The adder bites you.
You are poisoned.
The adder poisons you!
You take 1 damage, and have 12/15 hp.
You now have 3/8 mp.
Aim: a giant cockroach (clinging)
You miscast Flame Tongue.
You are very lightly contaminated with residual magic.
Nothing appears to happen.
You feel sick. The adder bites you. The giant cockroach bites you.
You take 4 damage, and have 8/15 hp.
MASSIVE DAMAGE!!
You now have 2/8 mp.
The adder bites you but does no damage.
Aim: a giant cockroach The flame tongue hits the adder.
You feel sick. The adder bites you.
You are lethally poisoned!
The adder poisons you!
You take 3 damage, and have 5/15 hp.
You now have 2/8 mp.
Aim: a giant cockroach The flame tongue hits the adder.
You kill the adder!
Your Conjurations skill increases to level 2!
* * * LOW HITPOINT WARNING * * *
You feel sick.
You take 1 damage, and have 4/15 hp.
You now have 1/8 mp.
Aim: a giant cockroach (clinging)
The flame tongue hits the giant cockroach.
The giant cockroach barely misses you.
You now have 0/8 mp.
Unknown command.
It was a potion of resistance.
You feel protected.
* * * LOW HITPOINT WARNING * * *
You feel sick. The giant cockroach closely misses you.
You take 1 damage, and have 3/15 hp.
It was a potion of haste.
You feel yourself speed up.
* * * LOW HITPOINT WARNING * * *
You feel sick.
The giant cockroach completely misses you.
The giant cockroach bites you but does no damage.
You don't have enough magic to cast that spell.
You hit the giant cockroach but do no damage.
The giant cockroach barely misses you.
The kobold shouts!
You hit the giant cockroach.
You kill the giant cockroach!
You have reached level 3!
Your experience leads to an increase in your attributes!
Increase (S)trength, (I)ntelligence, or (D)exterity?
You feel clever.
* * * LOW HITPOINT WARNING * * *
You feel sick.
You take 1 damage, and have 2/19 hp.
You see here an adder corpse.
You don't have enough magic to cast that spell.
You don't have enough magic to cast that spell.
* * * LOW HITPOINT WARNING * * *
You feel sick.
You take 1 damage, and have 2/19 hp.
Aim: a kobold The flame tongue hits the kobold.
You kill the kobold!
You now have 0/10 mp.
Unknown command.
* * * LOW HITPOINT WARNING * * *
You feel sick.
You take 1 damage, and have 1/19 hp.
You die...

###########
#.........#
#.........#
#.........#
#.........#
######.....%...#
#.....$........#
.####..@......#
###..$......#
####.†.........#
#....#.........#
#####.##############
#####.....#
#.†...##### ..#####
.##


There were no monsters in sight!

Vanquished Creatures
  An adder (D:2)
  A dart slug (D:1)
  A leopard gecko (D:2)
  2 bats (D:1)
  2 giant cockroaches
  2 hobgoblins (D:2)
  4 kobolds
  A ball python (D:1)
  A frilled lizard (D:1)
  3 goblins (D:1)
18 creatures vanquished.

Notes
Turn   | Place    | Note
-------+----------+-------------------------------------------
     0 | D:1      | drasked the Deep Elf Fire Elementalist began the quest for the Orb.
     0 | D:1      | Reached XP level 1. HP: 10/10 MP: 6/6
   637 | D:1      | Reached XP level 2. HP: 15/15 MP: 5/8
  1070 | D:2      | Reached skill level 2 in Conjurations
  1072 | D:2      | HP: 3/15 [poisoned by an adder]
  1076 | D:2      | Reached XP level 3. HP: 3/19 MP: 0/10
  1079 | D:2      | HP: 2/19 [poisoned by an adder]
  1086 | D:2      | Succumbed to an adder's poison

Vault maps used:
D:1:      dpeg_arrival_short_road, minmay_misc_feat_tiny
D:2:      first_bread, uniq_robin

Skill      XL: |  1  2 |
---------------+-------+-----
Conjurations   | 2 |  2.0
Dodging        | |  2.4
Stealth        | |  2.4
Spellcasting   | |  3.8
Fire Magic     | |  3.7

Action                   || total
-------------------------++-------
Melee: Dagger            ||     2
 Cast: Flame Tongue      ||    34
  Use: Potion            ||     2
Armor: Robe              ||     6
Dodge: Dodged            ||    12

Vault maps used:
D:1:      dpeg_arrival_short_road, minmay_misc_feat_tiny
D:2:      first_bread, uniq_robin

Table legend:
 A = Turns spent in this place as a percentage of turns spent in the entire game.
 B = Non-inter-level travel turns spent in this place as a percentage of non-inter-level travel turns spent in the entire game.
 C = Inter-level travel turns spent in this place as a percentage of turns spent in this place.
 D = Turns resting spent in this place as a percentage of non-inter-level travel turns spent in this place.
 E = Turns spent auto-exploring this place as a percentage of non-inter-level travel turns spent in this place.
 F = Non-inter-level travel turns spent in this place divided by the number of levels of this place that you've seen.
                   A       B       C       D       E      F
               +-------+-------+-------+-------+-------+----------------------
         Total | 100.0 | 100.0 |   2.3 |   3.8 |  11.0 | 105.0
       Dungeon | 100.0 | 100.0 |   2.3 |   3.8 |  11.0 | 105.0
               +-------+-------+-------+-------+-------+----------------------

Table legend:
 A = Kills in this place as a percentage of kills in entire the game.
 B = Kills by you in this place as a percentage of kills by you in the entire game.
 C = Kills by friends in this place as a percentage of kills by friends in the entire game.
 D = Other kills in this place as a percentage of other kills in the entire game.
 E = Experience gained in this place as a percentage of experience gained in the entire game.
 F = Experience gained in this place divided by the number of levels of this place that you have seen.
                   A       B       C       D       E      F
               +-------+-------+-------+-------+-------+----------------------
         Total | 100.0 | 100.0 |  -nan |  -nan | 100.0 |  22.0
       Dungeon | 100.0 | 100.0 |  -nan |  -nan | 100.0 |  22.0
               +-------+-------+-------+-------+-------+----------------------
